 Dungeon Crawl Stone Soup version 0.25-a0-287-g56a5b49892 (webtiles) character file.

Game seed: 8442312580891377457, levelgen mode: deterministic

43 Goblin1989 the Skirmisher (level 3, -2/29 HPs)
             Began as a Demonspawn Chaos Knight on Dec 13, 2019.
             Was a Plaything of Xom.
             Killed from afar by Sigmund (7 damage)
             ... with a magic dart
             ... on level 2 of the Dungeon.
             The game lasted 00:02:10 (1227 turns).

Goblin1989 the Skirmisher (Demonspawn Chaos Knight) Turns: 1227, Time: 00:02:11

Health: -2/29      AC:  5    Str: 12    XL:     3   Next: 37%
Magic:  3/3        EV: 11    Int: 13    God:    Xom [.....*]
Gold:   49         SH:  0    Dex: 13    Spells: 2/2 levels left

rFire    . . .     SeeInvis .   a - +0 short sword (chaos)
rCold    . . .     Gourm    .   (no shield)
rNeg     . . .     Faith    .   b - +2 leather armour
rPois    .         Spirit   .   (no helmet)
rElec    .         Reflect  .   (no cloak)
rCorr    .         Harm     .   (no gloves)
MR       .....                  (no boots)
Stlth    +.........             (no amulet)
HPRegen  0.09/turn              (no ring)
MPRegen  0.08/turn              (no ring)

@: no status effects
A: hooves 1
a: Renounce Religion


You were on level 2 of the Dungeon.
You worshipped Xom.
You were Xom's teddy bear.
You were not hungry.

You visited 1 branch of the dungeon, and saw 2 of its levels.

You collected 49 gold pieces.

Inventory:

Hand Weapons
 a - a +0 short sword of chaos (weapon)
Missiles
 f - 42 arrows
 k - 53 stones (quivered) {@Q3}
 l - 74 bolts
Armour
 b - a +2 leather armour (worn)
Scrolls
 j - 2 scrolls of teleportation {unknown}
 p - a scroll of identify {unknown}
 q - 3 scrolls of enchant weapon {unknown}
 r - a scroll of noise {unknown}
Potions
 g - a potion of degeneration {unknown}
 i - a potion of curing {unknown}
 n - 2 potions of heal wounds {unknown}
Comestibles
 e - a ration
 o - 5 chunks of flesh


   Skills:
 + Level 3.3 Fighting
 * Level 3.3 Short Blades
 - Level 1.7 Armour
 + Level 1.4 Dodging
 + Level 1.1 Stealth


You had 2 spell levels left.
You didn't know any spells.
Your spell library was empty.

Dungeon Overview and Level Annotations

Branches:
Dungeon (2/15)

Altars:

Annotations:
D:2 Jessica, Sigmund


Innate Abilities, Weirdness & Mutations

You have large cloven feet.


Message History

A rat is nearby!
You see here a scroll labeled OSENESEAPT.
The rat bites you but does no damage.
You hit the rat. You burn the rat.
You kill the rat!
No target in view!
No target in view!
No target in view!
No target in view!
No target in view!
No target in view!
No target in view!
No target in view!
No target in view!
No target in view!
No target in view!
No target in view!
No target in view!
p - a scroll labeled OSENESEAPT A rat comes into view.
A rat is nearby!
A hobgoblin comes into view. It is wielding a +0 club.
The hobgoblin shouts!
The rat bites you but does no damage.
You see here 3 scrolls labeled IHEDIXK EMOSO.
You hit the rat but do no damage. The rat bites you but does no damage.
You hit the rat. You freeze the rat.
You kill the rat!
You see here a rat corpse.
The hobgoblin hits you but does no damage.
You barely miss the hobgoblin. You kick the hobgoblin.
The hobgoblin is almost dead.
The hobgoblin hits you but does no damage.
You hit the hobgoblin.
You kill the hobgoblin!
No target in view!
No target in view!
No target in view!
No target in view!
No target in view!
You butcher the rat corpse.
o - 5 chunks of flesh (gained 1)
You see here a rat skeleton. x2
q - 3 scrolls labeled IHEDIXK EMOSO
r - a scroll labeled VOXULA NANAPPO An adder comes into view.
The adder hisses angrily.
The adder bites you. The adder closely misses you.
You take 1 damage, and have 28/29 hp.
You hit the adder.
The adder is moderately wounded.
The adder barely misses you.
You hit the adder.
The adder goes berserk!
Xom is amused.
You kick the adder.
The adder is almost dead.
The adder barely misses you.
You hit the adder. You burn the adder.
You kill the adder!
No target in view!
No target in view!
No target in view!
No target in view!
No target in view!
No target in view!
No target in view!
No target in view!
No target in view!
No target in view!
No target in view!
No target in view!
No target in view!
You see here a robe.
Found a stone staircase leading down.
Health restored: 29
There is a stone staircase leading down here.
Jessica the Apprentice Sorceress comes into view.
She is wielding a +0 club and carrying a wand of digging (6).
Sigmund shouts!
You hear a zap.
Some rock shatters into small pieces.
Sigmund hits you from afar with a +0 scythe.
You take 6 damage, and have 23/29 hp.
MASSIVE DAMAGE!!
Jessica casts a spell at you. Pain shoots through your body!
* * * LOW HITPOINT WARNING * * *
Sigmund screams, "Only death can liberate you!"
Sigmund points at you and mumbles some strange words.
The magic dart hits you.
* * * LOW HITPOINT WARNING * * *
You hit Sigmund.
Sigmund's body glows momentarily.
Sigmund is lightly wounded.
Sigmund casts a spell.
Sigmund flickers and vanishes!
Deactivating autopickup; reactivate with Ctrl-A.
You take 18 damage, and have 5/29 hp.
MASSIVE DAMAGE!!
You miss something. You kick something.
You hear some strange, mumbled words.
A magic dart appears from out of thin air!
The magic dart hits you!
You die...
Xom roars with laughter!

█.█ █....
█.███.███ ██...██
█
██████████████.██
.█
██.....>........█
███.█
█...████.████████
███ █†..█
███.█.█.██.█ █..
█.█ ..........█
█.. .. █.█
███.█.█@.██ █..
█.██.█ ██...@{.█
█.. █.██.█
██..█.█.█ █..
█.██<█ .... ███.█
███ █.██.█ .....
█.█


███████ █.██.█ █.█████ ... ..).... █.██.█ █ ██ ███████ {....█ █ ..████ █ You
could see Jessica.

Vanquished Creatures
  2 adders (D:2)
  2 dart slugs (D:1)
  A leopard gecko (D:1)
  A goblin (D:1)
  5 hobgoblins
  A ball python (D:1)
  3 bats (D:1)
  A frilled lizard (D:1)
  3 kobolds
  2 rats (D:2)
21 creatures vanquished.

Notes
Turn   | Place    | Note
-------+----------+-------------------------------------------
     0 | D:1      | Goblin1989 the Demonspawn Chaos Knight began the quest for
                  | the Orb.
     0 | D:1      | Reached XP level 1. HP: 18/18 MP: 1/1
    10 | D:1      | XOM: silly message
   145 | D:1      | Reached skill level 1 in Dodging
   263 | D:1      | XOM: harmless Conj miscast
   447 | D:1      | XOM: silly message
   454 | D:1      | Gained mutation: You have large cloven feet. [demonic
                  | ancestry]
   454 | D:1      | Reached XP level 2. HP: 18/24 MP: 2/2
   980 | D:2      | Noticed Sigmund
  1011 | D:2      | Reached skill level 1 in Stealth
  1011 | D:2      | Reached XP level 3. HP: 28/29 MP: 3/3
  1222 | D:2      | Noticed Jessica
  1227 | D:2      | Killed from afar by Sigmund

Levels and vault maps discovered:
D:1:      dpeg_arrival_three_same_balls, layout_loops_ring, minmay_pentomino_o2
D:2:      layout_loops_ring, uniq_sigmund, uniq_jessica

Skill      XL: |  1  2 |
---------------+-------+-----
Dodging        | 1 |  1.4
Short Blades   | 3 |  3.3
Stealth        | 1 |  1.1
Fighting       | |  3.3
Armour         | |  1.7

Action                   || total
-------------------------++-------
Melee: Short sword       ||    61
       Kick              ||    10
 Stab: Petrifying        ||     1
  Eat: Chunk             ||     1
Armor: Leather armour    ||    17
Dodge: Dodged            ||    29

Table legend:
 A = Non-vault XP
 B = Vault XP
 C = Vault XP percentage of total XP
 D = Non-vault monster count
 E = Vault monster count
 F = Vault count percentage of total count
                 A         B        C        D         E       F
            +---------+---------+-------+---------+---------+-------
      Total |      57 |       5 |   8.1 |      19 |       2 |   9.5
            +---------+---------+-------+---------+---------+-------
        D:1 |      23 |       5 |  17.9 |      12 |       2 |  14.3
        D:2 |      34 |       0 |   0.0 |       7 |       0 |   0.0
            +---------+---------+-------+---------+---------+-------

Levels and vault maps discovered:
D:1:      dpeg_arrival_three_same_balls, layout_loops_ring, minmay_pentomino_o2
D:2:      layout_loops_ring, uniq_sigmund, uniq_jessica
